 Dungeon Crawl Stone Soup version 0.23.2-30-g0e89c35649 (webtiles) character file.

Game seed: 8937978711701679194

32 Darkins the Conjurer (level 2, -3/20 HPs)
             Began as a Demigod Conjurer on June 20, 2019.
             Slain by a worm (9 damage)
             ... on level 1 of the Dungeon.
             The game lasted 00:06:34 (507 turns).

Darkins the Conjurer (Demigod Conjurer)              Turns: 507, Time: 00:06:34

Health: -3/20      AC:  2    Str: 11    XL:     2   Next: 93%
Magic:  0/7        EV: 12    Int: 19    God:
Gold:   4          SH:  0    Dex: 16    Spells: 4/5 levels left

rFire    . . .     SeeInvis .   (no weapon)
rCold    . . .     Gourm    .   (no shield)
rNeg     . . .     Faith    .   a - +0 robe
rPois    .         Spirit   .   (no helmet)
rElec    .         Reflect  .   (no cloak)
rCorr    .         Harm     .   (no gloves)
MR       .....                  (no boots)
Stlth    ++........             (no amulet)
HPRegen  0.06/turn              (no ring)
MPRegen  0.10/turn              (no ring)

@: very slightly contaminated
A: high mp 1
a: no special abilities


You were on level 1 of the Dungeon.
You were not hungry.

You visited 1 branch of the dungeon, and saw 2 of its levels.

You collected 4 gold pieces.

Inventory:

Hand Weapons
 i - a +2 short sword of draining
Armour
 a - a +0 robe (worn)
 e - a +0 robe
 h - a +0 robe
Scrolls
 f - a scroll of magic mapping {unknown}
 g - 2 scrolls of identify {unknown}
Potions
 b - a potion of mutation {unknown}
 d - 2 potions of curing {unknown}
Comestibles
 c - 2 rations


   Skills:
 + Level 1.9 Dodging
 + Level 1.8 Stealth
 + Level 2.0 Spellcasting
 + Level 4.4 Conjurations


You had 4 spell levels left.
You knew the following spells:

 Your Spells              Type           Power        Failure   Level  Hunger
a - Magic Dart            Conj           ###.         2%          1    #......

Your spell library contained the following spells:

 Spells                   Type           Power        Failure   Level  Hunger
 Searing Ray              Conj           ###...       4%          2    ###....
 Dazzling Spray           Conj/Hex       ##....       21%         3    ###....
 Iskenderun's Mystic Bla  Conj           ###.....     28%         4    #####..
 Force Lance              Conj/Tloc      ##......     56%         4    #####..
 Fulminant Prism          Conj/Hex       ##........   56%         4    #####..


Dungeon Overview and Level Annotations

Branches:
Dungeon (2/15)


Innate Abilities, Weirdness & Mutations

You have an increased reservoir of magic. (+10% MP)


Message History

The worm is lightly wounded.
The rat bites you.
Casting: Magic Dart (safe; 2% risk of failure)
Confirm with . or Enter, or press ? or * to list all spells.
Aiming: Magic Dart (safe; 2% risk of failure)
Press: ? - help, Shift-Dir - straight line, f/p - worm
Aim: a worm (lightly wounded)
You miscast Magic Dart.
You are very lightly contaminated with residual magic.
The air around you crackles with energy!
The rat misses you. The worm misses you. The rat barely misses you.
The worm bites you!
Ouch! That really hurt!
* * * LOW HITPOINT WARNING * * *
There is a stone staircase leading up here.
The rat closely misses you.
You climb upwards.
There is a stone staircase leading down here.
The worm bites you!
You die...

#.#........###†...........#
######'#÷#####################.#
.....................# #.#
.........###########.# #.#
..........##########.# ###.##
..........#..........# #.....
..........#.....###### #.....
..........#.....#### #(....
..........#....r@..# #...##
.#####.........w##'## ###.# .#
#..............#### #.# .#
#.................#######.# ##
###....###................#
#....# #........###>.)..# #....#
#.....#### #.....##
#....######### #.....##
####.........######.....##


You could see a worm and a rat.

Vanquished Creatures
  An adder (D:2)
  A leopard gecko (D:2)
  5 goblins (D:1)
  2 hobgoblins (D:1)
  6 kobolds
  2 bats (D:1)
  2 frilled lizards (D:1)
  A rat (D:1)
20 creatures vanquished.

Notes
Turn   | Place    | Note
-------+----------+-------------------------------------------
     0 | D:1      | Darkins the Demigod Conjurer began the quest for the Orb.
     0 | D:1      | Reached XP level 1. HP: 14/14 MP: 5/5
     6 | D:1      | Noticed a lindwurm
     6 | D:1      | Noticed a black bear
     6 | D:1      | Noticed a rime drake
     6 | D:1      | Noticed a komodo dragon
    95 | D:1      | Reached skill level 4 in Conjurations
   108 | D:1      | Reached XP level 2. HP: 20/20 MP: 0/7
   507 | D:1      | Slain by a worm

Skill      XL: |  1  2 |
---------------+-------+-----
Conjurations   | 4 |  4.4
Spellcasting   | 2 |  2.0
Dodging        | |  1.9
Stealth        | |  1.8

Action                   || total
-------------------------++-------
 Cast: Magic Dart        ||    37
Armor: Robe              ||     2
Dodge: Dodged            ||     9
